 Dungeon Crawl Stone Soup version 0.29-a0-817-g9904bce7a6 (webtiles) character file.

Game seed: 13344993273473803766

230509 buhh the Black Belt (level 19, 0/175 HPs)
             Began as an Octopode Transmuter on July 5, 2022.
             Was an Elder of Cheibriados.
             Killed by divine providence
             ... invoked by Saint Roka
              (17 damage)
             ... on level 2 of the Vaults.
             The game lasted 01:27:27 (40687 turns).

buhh the Black Belt (Octopode Transmuter)          Turns: 40687, Time: 01:27:28

Health: 0/175      AC: 43    Str: 18    XL:     19   Next: 2%
Magic:  26/28      EV: 31    Int: 36    God:    Cheibriados [****..]
Gold:   343        SH:  0    Dex: 22    Spells: 7/22 levels left

rFire   + . .      SeeInvis +     - Unarmed
rCold   + . .      Faith    .   (no shield)
rNeg    + . .      Spirit   .   y - +1 hat
rPois   ∞          Reflect  .   D - amulet of Roatsahe {Acrobat rCorr Int+4 Slay+2}
rElec   +          Harm     .   v - ring of willpower
rCorr   +          Rampage  .   q - ring of Zarehym {+Blink rElec rC+ EV+4}
Will    ++...                   C - +4 ring of protection
Stlth   +++++.....              i - +4 ring of protection
HPRegen 0.39/turn               z - +4 ring of evasion
MPRegen 0.21/turn               A - ring of see invisible
                                r - ring of protection from fire
                                c - +4 ring of protection

@: about to teleport, statue-form, very slow
A: slow and powerful, torment resistance 1, boosted hp, almost no armour,
amphibious, 8 rings, camouflage 1, (gelatinous body 1), (nimble swimmer 1),
tentacles
}: 2/15 runes: serpentine, barnacled
a: End Transformation, Renounce Religion, Evoke Blink, Bend Time, Temporal
Distortion, Slouch


You were on level 2 of the Vaults.
You worshipped Cheibriados.
Cheibriados was greatly pleased with you.
You were a living statue of rough stone.
You visited 7 branches of the dungeon, and saw 32 of its levels.
You also visited: Bailey and Ice Cave.

You collected 3113 gold pieces.
You spent 2770 gold pieces at shops.

Inventory:

Hand Weapons
 a - the +7 rapier "Dragon's Tongue" {antimagic, rN+ Str+3 Int+3}
   (You found it on level 4 of the Dungeon)

   It reduces the magical energy of the wielder, and disrupts the spells and
   magical abilities of those it strikes.
   Natural abilities and divine invocations are not affected.
   Str:       It affects your strength (+3).
   Int:       It affects your intelligence (+3).
   rN:        It protects you from negative energy.
Missiles
 T - a throwing net {!f}
Armour
 y - a +1 hat (worn)
Magical Staves
 Y - a staff of air
Jewellery
 c - a +4 ring of protection (on tentacle)
 i - a +4 ring of protection (on tentacle)
 j - a ring of positive energy
 p - a ring of magical power
 q - the ring of Zarehym (right tentacle) {+Blink rElec rC+ EV+4}
   (You took it off a kobold in a bailey)

   [ring of evasion]

   EV:        It affects your evasion (+4).
   rC:        It protects you from cold.
   rElec:     It insulates you from electricity.
   +Blink:    It lets you blink.
 r - a ring of protection from fire (on tentacle)
 v - a ring of willpower (left tentacle)
 z - a +4 ring of evasion (on tentacle)
 A - a ring of see invisible (on tentacle)
 C - a +4 ring of protection (on tentacle)
 D - the amulet of Roatsahe (around mantle) {Acrobat rCorr Int+4 Slay+2}
   (You bought it in a shop on level 2 of the Snake Pit)

   [amulet of the acrobat]

   It increases your evasion while moving and waiting.
   Int:       It affects your intelligence (+4).
   Slay:      It affects your accuracy & damage with ranged weapons and melee
   (+2).
   rCorr:     It protects you from acid and corrosion.
 E - a +4 ring of slaying
 I - an amulet of reflection
Wands
 d - a wand of roots (12)
 e - a wand of mindburst (15)
 x - a wand of polymorph (2)
 G - a wand of paralysis (16)
 R - a wand of quicksilver (2)
Scrolls
 b - 5 scrolls of poison
 g - 2 scrolls of identify {!d}
 s - 3 scrolls of noise
 t - 5 scrolls of teleportation {!d}
 F - 5 scrolls of enchant weapon
 M - a scroll of silence {unknown}
 P - 2 scrolls of magic mapping {!r!d}
 Q - 5 scrolls of fog
 X - 4 scrolls of amnesia
 Z - a scroll of enchant armour
Potions
 f - 2 potions of might
 h - a potion of berserk rage {!q}
 k - 9 potions of flight
 m - 5 potions of attraction
 u - 2 potions of degeneration
 B - a potion of ambrosia {!q!d}
 H - 2 potions of invisibility {!q!d}
 J - 2 potions of magic {!q!d}
 K - 7 potions of brilliance {!q!d}
 L - a potion of resistance {!q!d}
 N - 4 potions of curing {!q!d}
 O - 5 potions of haste {!q!d}
 U - 12 potions of mutation {!d}
 V - 6 potions of cancellation {!q!d}
Miscellaneous
 l - a tin of tremorstones (2/2)
 n - a phial of floods
 o - a lightning rod (4/4)
 w - a phantom mirror


   Skills:
 * Level 13.6 Fighting
 * Level 13.6 Dodging
 - Level 6.0 Stealth
 * Level 15.9 Unarmed Combat
 - Level 2.0 Spellcasting
 - Level 15.0 Transmutations
 - Level 15.0 Earth Magic
 - Level 3.0 Poison Magic
 - Level 13.0 Invocations


You had 7 spell levels left.
You knew the following spells:

 Your Spells              Type           Power      Damage    Failure   Level
a - Statue Form           Tmut/Erth      56%        N/A       1%          6
b - Wereblood             Tmut           84%        N/A       0%          2
c - Spider Form           Tmut/Pois      62%        N/A       1%          3
d - Ice Form              Ice/Tmut       55%        N/A       2%          4

Your spell library contained the following spells:

 Spells                   Type           Power      Damage    Failure   Level
 Beastly Appendage        Tmut           100%       N/A       0%          1
 Passwall                 Tmut/Erth      70%        N/A       0%          2
 Petrify                  Tmut/Erth      84%        N/A       1%          4
 Lee's Rapid Deconstruct  Erth           42%        3d21*     1%          5
 Leda's Liquefaction      Hex/Erth       27%        N/A       2%          4
 Summon Small Mammal      Summ           12%        N/A       5%          1
 Ensorcelled Hibernation  Hex/Ice        6%         N/A       8%          2
 Scorch                   Fire           6%         2d5       8%          2
 Call Canine Familiar     Summ           3%         N/A       16%         3
 Gell's Gravitas          Tloc           3%         N/A       16%         3
 Lesser Beckoning         Tloc           3%         N/A       16%         3
 Summon Guardian Golem    Hex/Summ       3%         N/A       16%         3
 Teleport Other           Tloc           3%         N/A       16%         3
 Corpse Rot               Necr/Pois/Air  10%        N/A       34%         4
 Anguish                  Hex/Necr       1%         N/A       45%         4
 Flame Wave               Conj/Fire      3%         2d4       45%         4
 Passage of Golubria      Tloc           3%         N/A       45%         4
 Summon Ice Beast         Ice/Summ       3%         N/A       45%         4
 Summon Lightning Spire   Summ/Air       3%         N/A       45%         4
 Fireball                 Conj/Fire      1%         3d3       82%         5
 Metabolic Englaciation   Hex/Ice        1%         N/A       82%         5
 Silence                  Hex/Air        1%         N/A       82%         5
 Summon Mana Viper        Hex/Summ       3%         N/A       82%         5
 Storm Form               Tmut/Air       27%        N/A       90%         7
 Dispersal                Tloc           1%         N/A       100%        6
 Starburst                Conj/Fire      1%         6d3       100%        6
 Summon Cactus Giant      Summ           1%         N/A       100%        6
 Monstrous Menagerie      Summ           1%         N/A       100%        7
 Disjunction              Tloc           1%         N/A       100%        8
 Ignition                 Fire           1%         3d3       100%        8
 Lehudib's Crystal Spear  Conj/Erth      27%        10d7      100%        8
 Maxwell's Capacitive Co  Air            1%         ∞         100%        8


Dungeon Overview and Level Annotations

Branches:
Dungeon (13/15) Zot: 36651  Temple (1/1) D:5 Zot: 8983    Lair (6/6) D:10 Zot: 36959
 Shoals (4/4) Lair:4 Zot: 34014   Snake (4/4) Lair:3 Zot: 25644   Slime (0/5) Lair:5
    Orc (2/2) D:10 Zot: 15007     Elf (0/3) Orc:2        Vaults (2/5) D:13 Zot: 16083
 Bailey (visited)           IceCv (visited)
  Crypt: Vaults:2-3

Altars:
Ashenzari
Cheibriados
Dithmenos
Elyvilon
Fedhas
Gozag
Hepliaklqana
Kikubaaqudgha
Makhleb
Nemelex Xobeh
Okawaru
Qazlal
Ru
Sif Muna
Trog
Wu Jian
Yredelemnul
Zin
The Shining One
Jiyva

Shops:
D:9 =   Orc:2 [*[(   Snake:1 !*   Snake:2 (==!

Annotations:
D:5 Menkaure
D:8 exclusion: hornet
D:10 exclusion: acid dragon
D:11 3 runed translucent doors
D:13 exclusion: 2 centaur warriors
Lair:5 1 runed translucent door
Vaults:2 Saint Roka


Innate Abilities, Weirdness & Mutations

You are a living statue of rough stone.
Your actions are slow, but your melee attacks are powerful.
You are resistant to unholy torment.
Your maximum health is greatly increased.
You are immune to poison.
You cannot wear most types of armour.
You are amphibious.
You can wear up to eight rings at the same time.
Your skin changes colour to match your surroundings (Stealth+).
((Your rubbery body absorbs attacks. (AC +1, EV +1)))
((You are camouflaged when in or above water. (Stealth+)))
You have tentacles for arms and can constrict up to eight enemies at once.


Message History

* * * LOW HITPOINT WARNING * * *
The ironbound preserver misses you.
The ironbound preserver completely misses you.
Saint Roka completely misses you.
Saint Roka mumbles some strange prayers to Beogh against you.
Beogh smites you!
* * * LOW HITPOINT WARNING * * *
The ironbound preserver barely misses you.
The ironbound preserver attacks as you move away!
The ironbound preserver completely misses you.
Your surroundings suddenly seem different.
You start resting.
The sentinel's mark upon you fades away.
You start resting.
Saint Roka is nearby!
Really quaff
B - 2 potions of ambrosia {!q!d}?
You are confused.
You feel invigorated.
You feel less invigorated.
You feel less confused.
Saint Roka calls down the wrath of Beogh upon you.
Beogh smites you!
* * * LOW HITPOINT WARNING * * *
Okay, then.
Really quaff
N - 6 potions of curing {!q!d}?
You feel better.
Saint Roka hits you from afar with a +0 halberd!
* * * LOW HITPOINT WARNING * * *
Saint Roka barely misses you.
Really quaff
N - 5 potions of curing {!q!d}?
You feel better.
Saint Roka mumbles some strange prayers to Beogh against you.
Beogh smites you!
* * * LOW HITPOINT WARNING * * *
Okay, then.
As you read the scroll of teleportation {!d}, it crumbles to dust.
You feel strangely unstable. Saint Roka misses you.
Saint Roka invokes the aid of Beogh against you.
Beogh smites you!
You die...

..........
...........
....)......
...:.....#
########
.........#
#......#
.........#
#..8...#
.........#
#....o.#
.........#
#......#
###......#
#......'.
#......#
#......#..#
#......#
#......# .'
#......##
######## #
#.........
#Z........


You could see Saint Roka.

Vanquished Creatures
  Mara (Shoals:4)
  Jory (Vaults:2)
  Mlioglotl (Snake:1)
  Polyphemus (Shoals:4)
  2 sphinxes (Shoals:4)
  Kirke (Snake:2)
  Gastronok (D:9)
  4 nagarajas
  A vault warden (Vaults:2)
  4 ironbound preservers
  2 very ugly things (Vaults:2)
  2 ironbound thunderhulks (Vaults:2)
  8 dire elephants (Vaults:2)
  2 minotaurs (Shoals:4)
  2 entropy weavers (Vaults:2)
  Snorg (Lair:3)
  Azrael (D:13)
  3 merfolk impalers
  A great orb of eyes (Vaults:2)
  A merfolk javelineer (Shoals:1)
  4 yaktaur captains
  3 salamander tyrants
  2 ironbound frosthearts
  7 hydras
  A merfolk avatar (Shoals:4)
  2 boulder beetles
  Erica (D:8)
  7 naga warriors
  9 anacondas
  An alligator snapping turtle (Shoals:4)
  4 catoblepae
  3 two-headed ogres
  4 centaur warriors
  A merfolk aquamancer (Shoals:4)
  A deep troll shaman (Lair:6)
  15 death yaks
  7 shock serpents
  14 satyrs (Shoals:4)
  Urug (D:13)
  9 naga sharpshooters
  3 orc high priests (Orc:2)
  Nergalle (Lair:2)
  4 salamander mystics
  12 deep trolls (Vaults:2)
  6 naga ritualists
  5 sea snakes
  2 wizards
  5 lindwurms
  6 ironbound convokers
  6 orc knights
  18 harpies
  6 orc sorcerers
  7 fauns
  A necromancer (Vaults:2)
  8 mana vipers
  2 cyclopes (D:13)
  10 manticores
  11 ugly things
  30 salamanders
  7 guardian serpents
  6 vault sentinels
  4 elephants (Lair:6)
  46 black mambas
  A merfolk siren (Shoals:2)
  Maurice (D:12)
  A torpor snail (Lair:6)
  14 naga magi
  2 water nymphs
  A gargoyle (D:8)
  Maggie (D:8)
  7 cane toads
  4 unseen horrors
  7 rime drakes
  A kobold demonologist (D:12)
  16 yaktaurs
  7 komodo dragons
  7 merfolk
  A meliai (D:13)
  6 trolls
  2 wind drakes
  Prince Ribbit (D:8)
  3 polar bears
  10 blink frogs
  7 dream sheep (Lair:5)
  6 slime creatures (D:13)
  6 snapping turtles
  A stone giant simulacrum (Vaults:2)
  A shadow (D:9)
  2 wyverns
  A water elemental (Shoals:4)
  A culicivora (Vaults:2)
  30 yaks
  2 basilisks
  A hog (Snake:2)
  A steam dragon (D:9)
  2 redbacks (Vaults:2)
  4 vampire mosquitoes (D:13)
  5 fire elementals (D:13)
  5 wargs
  40 nagas
  11 water moccasins
  3 hell hounds (D:13)
  A sky beast (D:7)
  5 black bears
  8 ogres
  29 orc warriors
  An ice beast (D:7)
  6 centaurs
  36 wolves
  A phantom (D:5)
  4 kobold brigands
  19 bullfrogs
  A glowing shapeshifter simulacrum (Vaults:2)
  8 necrophages
  2 gnoll sergeants
  A human skeleton (Vaults:2)
  10 wights
  16 killer bees
  An electric eel (Snake:2)
  6 howler monkeys
  A hound (D:5)
  18 orc priests
  A gnoll bouda (D:5)
  A jelly (D:6)
  Natasha (thrice) (D:2)
  Jessica (D:2)
  6 iguanas
  Terence (D:2)
  23 orc wizards
  14 gnolls
  7 adders
  A shadow imp (D:6)
  2 ufetubi
  A dart slug (D:2)
  74 orcs
  6 endoplasms
  3 giant cockroaches
  13 goblins
  9 hobgoblins
  7 jackals (D:2)
  3 quokkas
  8 ball pythons
  3 bats
  5 frilled lizards
  34 kobolds
  5 rats
969 creatures vanquished.

Vanquished Creatures (others)
  A death yak (Shoals:4)
  A water nymph (Shoals:4)
  4 humans (Snake:2)
  An orc priest (Orc:2)
  An orc wizard (Orc:2)
  An orc (Orc:2)
  A kobold (D:9)
  32 fungi
  87 plants
129 creatures vanquished.

Grand Total: 1098 creatures vanquished

Notes
Turn   | Place    | Note
-------+----------+-------------------------------------------
     0 | D:1      | buhh the Octopode Transmuter began the quest for the Orb.
     0 | D:1      | Reached XP level 1. HP: 13/13 MP: 3/3
   293 | D:1      | Reached XP level 2. HP: 18/18 MP: 3/5
  1224 | D:2      | Reached XP level 3. HP: 23/23 MP: 4/6
  1283 | D:2      | Noticed Natasha
  1306 | D:2      | Noticed Jessica
  1324 | D:2      | Killed Jessica
  1480 | D:2      | Reached XP level 4. HP: 29/29 MP: 5/7
  2104 | D:2      | Found a faded altar of an unknown god.
  2121 | D:2      | Noticed Terence
  2741 | D:3      | Reached XP level 5. HP: 26/34 MP: 6/8
  2909 | D:3      | Learned a level 2 spell: Wereblood
  2913 | D:3      | Learned a level 3 spell: Spider Form
  3463 | D:2      | Killed Terence
  3688 | D:2      | Killed Natasha
  3830 | D:2      | Noticed Natasha
  3843 | D:2      | Killed Natasha
  3844 | D:2      | Reached XP level 6. HP: 21/41 MP: 6/9
  4405 | D:2      | Noticed Natasha
  4421 | D:2      | Killed Natasha
  5599 | D:4      | Identified the +7 rapier "Dragon's Tongue" {antimagic, rN+
                  | Str+3 Int+3}
  5609 | D:4      | Found a shadowy altar of Dithmenos.
  5737 | D:5      | Entered Level 5 of the Dungeon
  5738 | D:5      | Noticed a black bear
  5752 | D:5      | Killed a black bear
  5753 | D:5      | Reached XP level 7. HP: 44/47 MP: 3/10
  6807 | D:5      | Noticed Menkaure
  6900 | D:5      | Reached XP level 8. HP: 53/54 MP: 2/11
  6998 | D:5      | Found a staircase to the Ecumenical Temple.
  7008 | Temple   | Entered the Ecumenical Temple
  7014 | Temple   | Became a worshipper of Cheibriados the Contemplative
  7112 | D:5      | Reached XP level 9. HP: 67/67 MP: 4/12
  8902 | D:7      | Reached * piety under Cheibriados
  9015 | D:7      | Found a flagged portal.
  9157 | Bailey   | Entered a bailey
  9223 | Bailey   | Identified the ring of Zarehym {+Blink rElec rC+ EV+4}
  9503 | Bailey   | Reached ** piety under Cheibriados
  9567 | Bailey   | Reached XP level 10. HP: 74/74 MP: 2/13
 10907 | D:8      | Noticed Maggie
 10914 | D:8      | Killed Maggie
 10920 | D:8      | Noticed Erica
 10932 | D:8      | Killed Erica
 11433 | D:8      | Noticed Prince Ribbit
 11604 | D:8      | Found the +6 shillelagh "Devastator" {shatter}
 11607 | D:8      | Noticed a two-headed ogre
 11607 | D:8      | Noticed a gargoyle
 11838 | D:9      | Reached *** piety under Cheibriados
 12233 | D:9      | Noticed Gastronok
 12251 | D:9      | Killed Gastronok
 12252 | D:9      | Reached XP level 11. HP: 69/81 MP: 7/14
 12734 | D:9      | Found Lim Tek's Jewellery Shop.
 12746 | D:9      | Bought a +4 ring of evasion for 468 gold pieces
 12746 | D:9      | Bought a ring of see invisible for 195 gold pieces
 12903 | D:9      | Found a basalt altar of Yredelemnul.
 12903 | D:9      | Found a bloodstained altar of Trog.
 12911 | D:9      | Found a stormy altar of Qazlal.
 12913 | D:9      | Found a burning altar of Makhleb.
 12915 | D:9      | Found an ancient bone altar of Kikubaaqudgha.
 13093 | D:10     | Entered Level 10 of the Dungeon
 13296 | D:8      | Noticed a two-headed ogre
 13302 | D:8      | Killed a two-headed ogre
 13351 | D:8      | Reached **** piety under Cheibriados
 13692 | D:8      | Killed a two-headed ogre
 13839 | D:8      | Killed Prince Ribbit
 14639 | D:10     | Found a staircase to the Lair.
 14652 | D:10     | Reached ***** piety under Cheibriados
 15025 | D:10     | Identified the +8 rapier of Spite {elec, Str-4 Dex+4}
 15135 | D:10     | Noticed an orc knight
 15155 | D:10     | Killed an orc knight
 15156 | D:10     | Reached XP level 12. HP: 36/88 MP: 6/15
 15381 | D:10     | Found a staircase to the Orcish Mines.
 15893 | D:11     | Found a runed translucent gate.
 15893 | D:11     | Found a runed translucent gate.
 15893 | D:11     | Found a runed translucent gate.
 16072 | D:11     | Noticed a two-headed ogre
 16127 | Lair:1   | Entered Level 1 of the Lair of Beasts
 16409 | Lair:1   | Learned a level 4 spell: Ice Form
 16657 | Lair:1   | Noticed a five-headed hydra
 16664 | Lair:1   | Killed a five-headed hydra
 16671 | Lair:1   | Identified the +8 dagger "Ceifuepofi" {spect, rF+ Str+3
                  | Int+4}
 16745 | Lair:1   | Reached skill level 11 in Fighting
 17010 | Lair:1   | Reached skill level 11 in Dodging
 17010 | Lair:1   | Reached skill level 11 in Unarmed Combat
 17411 | Lair:2   | Noticed a seven-headed hydra
 17416 | Lair:2   | Killed a seven-headed hydra
 18554 | Lair:2   | Reached ****** piety under Cheibriados
 18781 | Lair:3   | Noticed Nergalle
 19165 | Lair:2   | Killed Nergalle
 19166 | Lair:2   | Reached XP level 13. HP: 81/96 MP: 8/16
 19223 | Lair:3   | Noticed Snorg
 19650 | Lair:3   | Found a staircase to the Snake Pit.
 19773 | Lair:3   | Killed Snorg
 20867 | Lair:4   | Found a staircase to the Shoals.
 22136 | Lair:5   | Found a runed translucent door.
 22136 | Lair:5   | Found a viscous altar of Jiyva.
 22137 | Lair:5   | Found a staircase to the Slime Pits.
 23273 | Lair:6   | Entered Level 6 of the Lair of Beasts
 23930 | Lair:6   | Reached XP level 14. HP: 93/103 MP: 18/18
 24700 | Lair:6   | Identified the +5 quarterstaff of Certain Death {flame,
                  | *Slow Dex+4}
 26339 | D:12     | Noticed Maurice
 26358 | D:12     | Killed Maurice
 27469 | Orc:1    | Entered Level 1 of the Orcish Mines
 27823 | Orc:2    | Entered Level 2 of the Orcish Mines
 27902 | Orc:2    | Found a staircase to the Elven Halls.
 27951 | Orc:2    | Reached skill level 11 in Invocations
 29345 | Orc:2    | Reached XP level 15. HP: 108/108 MP: 23/23
 29350 | Orc:2    | Found Puaxusaff's Antique Armour Shop.
 29350 | Orc:2    | Found Qebruowu's Antique Weapon Shoppe.
 29354 | Orc:2    | Found Feeffock's General Store.
 29354 | Orc:2    | Found Arused's Antique Armour Shoppe.
 29364 | Orc:2    | Bought a scroll of fear for 45 gold pieces
 29364 | Orc:2    | Bought a potion of brilliance for 52 gold pieces
 29364 | Orc:2    | Bought a potion of curing for 39 gold pieces
 29445 | Orc:2    | Learned a level 6 spell: Statue Form
 30028 | D:13     | Noticed Azrael
 30084 | D:13     | Killed Azrael
 30611 | D:13     | Noticed Urug
 30624 | D:13     | Killed Urug
 32082 | Snake:1  | Entered Level 1 of the Snake Pit
 32738 | Snake:1  | You fall into a shaft and drop 1 floor!
 32738 | Snake:2  | Noticed Kirke
 32749 | Snake:2  | Killed Kirke
 32785 | Snake:2  | Found a frozen archway.
 32791 | IceCv    | Entered an ice cave
 33325 | Snake:2  | Noticed a nagaraja
 33339 | Snake:2  | Killed a nagaraja
 33456 | Snake:2  | Found Axial's Jewellery Shoppe.
 33460 | Snake:2  | Found Ewkorual's Distillery.
 33465 | Snake:2  | Bought a +4 ring of protection for 540 gold pieces
 33465 | Snake:2  | Bought a +4 ring of protection for 540 gold pieces
 33513 | Snake:2  | Found Baempeci's Jewellery Boutique.
 33513 | Snake:2  | Found Gekeaf's Antique Weapon Shop.
 33521 | Snake:2  | Bought the amulet of Roatsahe {Acrobat rCorr Int+4 Slay+2}
                  | for 831 gold pieces
 34019 | Snake:2  | Reached skill level 11 in Earth Magic
 34441 | Snake:1  | Found Foeriqou's Distillery.
 34464 | Snake:1  | Found Fynt's Distillery.
 34467 | Snake:1  | Found Kidor's Assorted Antiques.
 34470 | Snake:1  | Bought a potion of brilliance for 60 gold pieces
 34524 | Snake:1  | Noticed Mlioglotl
 34528 | Snake:1  | Reached XP level 16. HP: 114/114 MP: 21/25
 34530 | Snake:1  | Noticed a lich
 34533 | Snake:1  | Killed Mlioglotl
 36188 | Snake:4  | Entered Level 4 of the Snake Pit
 36511 | Snake:4  | Found a snail-covered altar of Cheibriados.
 36577 | Snake:4  | Reached skill level 15 in Earth Magic
 36981 | Snake:4  | Noticed a nagaraja
 36982 | Snake:4  | Noticed a nagaraja
 36986 | Snake:4  | Noticed a nagaraja
 37001 | Snake:4  | Reached skill level 11 in Transmutations
 37001 | Snake:4  | Killed a nagaraja
 37005 | Snake:4  | Killed a nagaraja
 37006 | Snake:4  | Reached XP level 17. HP: 74/119 MP: 24/26
 37623 | Snake:4  | Got a serpentine rune of Zot
 37991 | Shoals:1 | Entered Level 1 of the Shoals
 38163 | Shoals:4 | Entered Level 4 of the Shoals
 38349 | Shoals:4 | Noticed Polyphemus
 38367 | Shoals:4 | Killed Polyphemus
 38373 | Shoals:4 | Reached skill level 15 in Transmutations
 38378 | Shoals:4 | Noticed Mara
 38382 | Shoals:4 | Noticed buhh's illusion
 38674 | Shoals:4 | Noticed a sphinx
 38680 | Shoals:4 | Killed a sphinx
 38705 | Shoals:4 | Noticed buhh's illusion
 38823 | Shoals:4 | Noticed buhh's illusion
 38833 | Shoals:4 | Killed Mara
 38834 | Shoals:4 | Reached XP level 18. HP: 64/127 MP: 27/27
 38893 | Shoals:4 | Got Harghush's Codex of Noxious Transfiguration
 39071 | Shoals:4 | Got a barnacled rune of Zot
 39307 | D:13     | Found a gate to the Vaults.
 39315 | Vaults:1 | Entered Level 1 of the Vaults
 40013 | Vaults:2 | Reached skill level 15 in Unarmed Combat
 40176 | Vaults:2 | Noticed Saint Roka
 40208 | Vaults:2 | Noticed Jory
 40620 | Vaults:2 | Killed Jory
 40643 | Vaults:2 | Reached XP level 19. HP: 112/135 MP: 3/28
 40670 | Vaults:2 | HP: 7/175 [Saint Roka/divine providence (14)]
 40687 | Vaults:2 | Killed from afar by Saint Roka

Illustrated notes

Levels and vault maps discovered:
D:1:      dpeg_arrival_line_fractal, layout_rooms, chequers_jeans
D:2:      minmay_evil_eye, layout_basic, chequers_ecumenical_altar_simple_redux,
          uniq_natasha, uniq_terence, uniq_jessica
D:3:      layout_basic, minmay_diced_spiral
D:4:      layout_cave_pools, mainiacjoe_overflow_alcove_2
D:5:      layout_basic, minmay_temple_entry_butterflies, uniq_menkaure
D:6:      layout_loops_ring, kennysheep_generic_room_10
D:7:      layout_loops_ring, enter_bailey_4
D:8:      layout_loops_corners, dilly_guarded_unrand_devastator,
          uniq_prince_ribbit1, uniq_erica, uniq_maggie
D:9:      layout_roguey, chequers_temple_overflow_minitemple, serial_shops,
          shop, kennysheep_doodads, uniq_gastronok
D:10:     layout_irregular_city, erik_lair_orcish_takeover, orc_david_3,
          nicolae_concentric_dashed_squares_wild
D:11:     layout_layer_cave, ploomutoo_gammafunk_ghost_potion_laboratory
D:12:     layout_stronghold, serial_glass, glass_columns_b, glass_columns_c,
          glass_columns_b, glass_columns_c, glass_columns_a, glass_columns_c,
          feat_on_display, item_on_display_a, item_on_display_a,
          item_on_display_a, uniq_maurice
D:13:     layout_cave_pods, skrybe_vaults_entry_preservation, uniq_azrael,
          uniq_urug
Temple:   nicolae_temple_x_marks_the_god
Lair:1:   layout_long_grid
Lair:2:   layout_regular_city
Lair:3:   layout_cave_pods, guppyfry_snake_entry_garden, beast_lair_carwin_3,
          uniq_snorg, uniq_nergalle
Lair:4:   layout_cave_shapes, minmay_shoals_entry_centaurs, roderic_carrion_pond
Lair:5:   layout_cave_pods, slime_entry_2
Lair:6:   grunt_lair_end_beastmaster, layout_loops_ring
Shoals:1: layout_shoals
Shoals:2: layout_shoals, serial_shops, nicolae_square_shop,
          nicolae_shop_hallway_stairs, nicolae_square_shop
Shoals:3: layout_shoals
Shoals:4: shoals_end_hellmonk_lost_city, uniq_mara, uniq_polyphemus
Snake:1:  layout_layer_cave, minmay_shop_star, uniq_mlioglotl
Snake:2:  layout_grid_shapes, portal_ice_cave_entry_pillars_four, serial_shops,
          nicolae_take_the_stairs, minmay_shop_enchanted_jewellery,
          nicolae_snake_salamander_jacuzzi, minmay_shoptagon,
          grunt_megastairs_5, serial_bayou_shore_a, uniq_kirke
Snake:3:  layout_cave_town, nicolae_snake_guarding_the_ruins
Snake:4:  snake_pit_salamanders_mu, layout_chambers, basic_altar
Orc:1:    layout_diamond_mine
Orc:2:    grunt_orc_tribal_feast, layout_caves
Vaults:1: gammafunk_ghost_arena, v_misc_13, nicolae_vaults_ring_of_whatevers,
          hangedman_vaults_nodes, nicolae_vaults_windows_and_doors_thing,
          hangedman_vaults_stream, hangedman_vaults_snaps,
          nicolae_vaults_hallways_thing, hangedman_vaults_unwind,
          ontoclasm_vaults_spin, ontoclasm_vaults_pinch, vaults_room_hallway,
          layout_vaults_omnibox
Vaults:2: hangedman_vaults_slice, hangedman_vaults_corner, v_misc_30, v_misc_27,
          vaults_room_hallway, layout_vaults_omnigrid, serial_shops, shop,
          uniq_jory, uniq_saint_roka

Skill      XL: |  1  2  3  4  5  6  7  8  9 10 11 12 13 14 15 16 17 18 |
---------------+-------------------------------------------------------+-----
Stealth        | 1 2 3 4 6 |  6.0
Poison Magic   | 1 2 3 |  3.0
Fighting       | 2 3 4 8 9 10 11 12 13 | 13.6
Dodging        | 3 4 8 9 10 11 12 13 | 13.6
Unarmed Combat | 4 5 9 10 11 13 15 | 15.9
Transmutations | 3 5 8 9 10 11 15 | 15.0
Invocations    | 5 11 13 | 13.0
Earth Magic    | 5 11 15 | 15.0
Spellcasting   | |  2.0

Action                   |  1- 3 |  4- 6 |  7- 9 | 10-12 | 13-15 | 16-18 | 19-21 || total
-------------------------+-------+-------+-------+-------+-------+-------+-------++-------
Melee: Unarmed           |    53 |   163 |   113 |   321 |   694 |   624 |    14 ||  1982
       Kick              |    25 |    14 |    11 |    23 |       |       |       ||    73
       Constrict         |    18 |    19 |    27 |    35 |    30 |   111 |     4 ||   244
       Tentacles         |     6 |    23 |    17 |    32 |    46 |   176 |     2 ||   302
       Punch             |     1 |     1 |     1 |    16 |    17 |    75 |     2 ||   113
       Rapier            |       |     7 |   102 |   123 |    28 |       |       ||   260
       Dagger            |       |       |       |    23 |     1 |       |       ||    24
Throw: Boomerang         |       |       |    45 |     2 |       |       |       ||    47
 Cast: Beastly Appendage |    23 |    20 |    11 |    10 |       |       |       ||    64
       Spider Form       |       |    11 |    15 |    27 |       |       |       ||    53
       Wereblood         |       |       |       |     6 |       |     3 |       ||     9
       Ice Form          |       |       |       |    10 |   104 |       |       ||   114
       Statue Form       |       |       |       |       |    24 |    88 |       ||   112
Invok: Slouch            |       |       |       |       |     3 |    14 |       ||    17
       Step From Time    |       |       |       |       |     1 |     5 |       ||     6
 Abil: End Transformatio |       |       |       |     1 |     2 |       |       ||     3
Evoke: Wand              |       |       |     1 |     5 |     1 |       |       ||     7
       Lightning rod     |       |       |       |     5 |     6 |       |       ||    11
       Tin of tremorston |       |       |       |       |     2 |       |       ||     2
       Phial of floods   |       |       |       |       |     1 |       |       ||     1
       Phantom mirror    |       |       |       |       |     1 |       |       ||     1
  Use: Scroll            |       |     9 |     6 |     4 |    12 |     9 |     5 ||    45
       Potion            |       |     3 |     1 |     1 |     5 |    10 |     4 ||    24
 Stab: Sleeping          |     3 |     9 |     4 |    11 |     8 |    10 |       ||    45
       Distracted        |       |       |       |       |       |     2 |       ||     2
       Petrified         |       |       |       |       |       |     3 |       ||     3
Armor: Skin              |     1 |    38 |     8 |    15 |   115 |   349 |     5 ||   531
Dodge: Dodged            |    23 |   119 |   182 |   630 |  1022 |  1969 |    34 ||  3979
Block: Other             |       |       |       |    45 |   216 |       |       ||   261
       Reflection        |       |       |       |       |     7 |       |       ||     7

Table legend: (Time is in decaauts)
 A = Elapsed time spent in this place.
 B = Non-inter-level travel time spent in this place.
 C = Inter-level travel time spent in this place.
 D = Time resting spent in this place.
 E = Time spent auto-exploring this place.
 F = Levels seen in this place.
 G = Mean time per level.
                   A        B        C        D        E       F      G
               +--------+--------+--------+--------+--------+-----+--------+
         Total |  57195 |  52481 |   4714 |   9449 |  33526 |  34 | 1682.2 |
       Dungeon |  25131 |  23158 |   1973 |   5290 |  14312 |  13 | 1933.2 |
        Temple |     14 |      8 |      6 |      0 |      0 |   1 |   14.0 |
          Lair |  14143 |  12954 |   1189 |   2387 |   8964 |   6 | 2357.2 |
        Shoals |   1987 |   1833 |    154 |    308 |    388 |   4 |  496.8 |
     Snake Pit |  10356 |   9466 |    890 |    649 |   7212 |   4 | 2589.0 |
  Orcish Mines |   2992 |   2492 |    500 |    407 |   1642 |   2 | 1496.0 |
        Vaults |   1915 |   1915 |      0 |    407 |    861 |   2 |  957.5 |
        Bailey |    651 |    651 |      0 |      0 |    145 |   1 |  651.0 |
      Ice Cave |      3 |      3 |      0 |      0 |      0 |   1 |    3.0 |
               +--------+--------+--------+--------+--------+-----+--------+

Top non-repeatable levels by time:
  Lair:2: 3057 daAuts
 Snake:4: 2985 daAuts
  Lair:6: 2904 daAuts
 Snake:1: 2794 daAuts
 Snake:2: 2782 daAuts
     D:8: 2683 daAuts
    D:13: 2598 daAuts
     D:9: 2535 daAuts
    D:11: 2526 daAuts
     D:2: 2465 daAuts
  Lair:5: 2449 daAuts
  Lair:3: 2337 daAuts
    D:10: 2202 daAuts
    D:12: 2086 daAuts
   Orc:2: 1929 daAuts
